 Dungeon Crawl Stone Soup version 0.17-a0-1997-ga88ed7d (webtiles) character file.

522 Ordine the Skirmisher (level 7, 0/52 HPs)
             Began as an Octopode Fighter on Oct 8, 2015.
             Slain by a slave (2 damage)
             ... led by Pikel
             ... on level 3 of the Dungeon.
             The game lasted 00:08:15 (3170 turns).

Ordine the Skirmisher (Octopode Fighter)            Turns: 3170, Time: 00:08:15

Health: 0/52       AC:  1    Str: 16    XL:     7   Next: 22%
Magic:  7/7        EV: 10    Int: 10    God:
Gold:   123        SH: 10    Dex: 13    Spells: 0 memorised, 6 levels left

rFire  . . .     SeeInvis .     a - +1 long sword
rCold  . . .     Clarity  .     b - +1 shield
rNeg   . . .     SustAt   .     (helmet restricted)
rPois  .         Gourm    .     (no amulet)
rElec  .         Spirit   .     (no ring)
rCorr  .         Warding  .     (no ring)
rMut   .         Stasis   .     (no ring)
MR     .....                    (no ring)
Stlth  ++........               (no ring)
                                (no ring)
                                (no ring)
                                (no ring)

@: not resistant to hostile enchantments, unstealthy
A: almost no armour, amphibious, 8 rings, constrict 8, camouflage 1, gelatinous
body 1
a: no special abilities


You were on level 3 of the Dungeon.
You were very hungry.

You visited 1 branch of the dungeon, and saw 4 of its levels.

You collected 123 gold pieces.

Inventory:

Hand Weapons
 a - a +1 long sword (weapon)
Missiles
 f - 27 poisoned needles
 j - 8 needles of sleeping
 l - 153 stones (quivered)
Armour
 b - a +1 shield (worn)
Magical Staves
 e - an uncursed staff of conjuration
Scrolls
 m - a scroll of enchant armour
 n - 2 scrolls of teleportation
Potions
 c - a potion of might
 g - a potion of berserk rage
 h - a potion of poison {unknown}
 k - a potion of ambrosia
 o - a potion of magic
 p - a potion of agility
 r - a potion of haste
 t - 3 potions of curing {unknown}
Books
 q - a book of Frost

   Spells                             Type                      Level
   a - Freeze                         Ice                          1
   b - Throw Frost                    Conjuration/Ice              2
   c - Ozocubu's Armour               Charms/Ice                   3
   d - Throw Icicle                   Conjuration/Ice              4
   e - Summon Ice Beast               Ice/Summoning                4
   f - Condensation Shield            Ice                          4
Comestibles
 d - 3 bread rations
 s - a beef jerky
 v - a slice of pizza


   Skills:
 + Level 6.0 Fighting
 + Level 5.5 Long Blades
 - Level 3.0 Dodging
 - Level 3.0 Shields


You had 6 spell levels left.
You didn't know any spells.

Dungeon Overview and Level Annotations

Branches:
Dungeon (4/15)
 Temple: D:4-7

Altars:
Ashenzari
Ru
Sif Muna
Trog

Annotations:
D:4 Pikel


Innate Abilities, Weirdness & Mutations

You cannot wear most types of armour.
You are amphibious.
You can wear up to eight rings at the same time.
You can use your tentacles to constrict eight enemies at once.
Your skin changes colour to match your surroundings (Stealth).
Your rubbery body absorbs attacks (AC +1).


Message History

You constrict the slave, but do no damage.
You block the slave's attack.
You hit the slave.
The slave is severely wounded.
You constrict the slave. The slave hits you!
* * * LOW HITPOINT WARNING * * *
You block the slave's attack.
You are too injured to fight recklessly!
You hit the slave but do no damage. You squeeze the slave.
The slave is almost dead.
You constrict the slave. The slave hits you!
* * * LOW HITPOINT WARNING * * *
Drink which item? (? for menu, Esc to quit)
Okay, then.
Unknown command.
Unknown command.
You hit the slave but do no damage.
The slave is almost dead.
You constrict the slave. The slave hits you.
You die...

.######.........[........##...###
..............####....[.....#.# #
.###########..# #.#..........###
.# ###############.#........#....
####............<..##.....###.#.#
#_'...............#.†.....##.#.#
###...............#.......##.#.#
#############p#.#.......##.#.#
#.# #@#.#............#
#########.# #.#.#...........>.
####.........# #.#.#.......##.#..
......##########.#.#............#
####...............############..
#.#########.##### ##. #.# #.# #.
#<# #.# #. #.# #.# #.


You could see a slave.

Vanquished Creatures
  A phantom (D:4)
  The ghost of deadman1740 the Ducker, an amateur MiGl (D:4)
  A scorpion (D:4)
  3 orc priests
  An orc wizard (D:4)
  Jessica (D:2)
  Terence (D:2)
  A worker ant (D:3)
  5 adders
  An ooze (D:2)
  A worm (D:3)
  A giant gecko (D:3)
  6 orcs
  6 bats
  4 goblins
  3 hobgoblins
  4 jackals (D:4)
  6 kobolds
  3 giant cockroaches
  2 giant newts
  5 rats (D:3)
57 creatures vanquished.

Notes
Turn   | Place    | Note
--------------------------------------------------------------
     0 | D:1      | Ordine the Octopode Fighter began the quest for the Orb.
     0 | D:1      | Reached XP level 1. HP: 16/16 MP: 1/1
    32 | D:1      | You fall through a shaft!
   322 | D:1      | Reached XP level 2. HP: 19/21 MP: 2/2
   750 | D:2      | Noticed Terence
   760 | D:2      | Killed Terence
   760 | D:2      | Reached XP level 3. HP: 17/27 MP: 3/3
   900 | D:2      | You fall through a shaft!
  1067 | D:2      | Noticed Jessica
  1079 | D:2      | Killed Jessica
  1079 | D:2      | Reached skill level 4 in Fighting
  1079 | D:2      | Reached XP level 4. HP: 9/33 MP: 4/4
  1576 | D:3      | Reached XP level 5. HP: 12/38 MP: 5/5
  1945 | D:3      | Found a shattered altar of Ashenzari.
  2022 | D:3      | Found a sacrificial altar of Ru.
  2580 | D:3      | Noticed a moth of wrath
  2584 | D:3      | Found a bloodstained altar of Trog.
  2702 | D:3      | Reached skill level 5 in Fighting
  2781 | D:3      | Found a deep blue altar of Sif Muna.
  2823 | D:4      | Reached XP level 6. HP: 21/45 MP: 6/6
  2902 | D:4      | Noticed deadman1740's ghost (amateur MiGl)
  2914 | D:4      | Killed deadman1740's ghost
  2914 | D:4      | Reached skill level 5 in Long Blades
  3070 | D:4      | Noticed a phantom
  3100 | D:4      | Killed a phantom
  3100 | D:4      | Reached skill level 6 in Fighting
  3100 | D:4      | Reached XP level 7. HP: 31/52 MP: 7/7
  3120 | D:4      | Noticed a slave
  3121 | D:4      | Noticed a slave
  3122 | D:4      | Noticed Pikel
  3124 | D:4      | Noticed a slave
  3169 | D:3      | HP: 2/52 [slave[Pikel] (8)]
  3170 | D:3      | Slain by a slave

Vault maps used:
D:1:      minmay_arrival_split_and_join, wad_floor_pattern_untrapped
D:2:      first_bread, uniq_jessica, uniq_terence
D:3:      nicolae_ru_sacrificial_ziggurat, overflow_temple_1_default, tgw_trog,
          lemuel_blue_sif_altar
D:4:      uniq_blork_the_orc, uniq_pikel, uniq_grinder

Action                   |  1- 3 |  4- 6 |  7- 9 || total
-------------------------+-------+-------+-------++-------
Melee: Long sword        |    38 |   109 |     8 ||   155
Throw: Stone             |       |     3 |       ||     3
  Use: Scroll            |       |    13 |       ||    13
       Potion            |       |     3 |       ||     3
 Stab: Sleeping          |     1 |     2 |       ||     3
       Distracted        |       |     1 |       ||     1
  Eat: Chunk             |       |     6 |       ||     6
